 Dungeon Crawl Stone Soup version 0.31.0-11-ge490571c62 (webtiles) character file.

Game seed: 17197301132611532374

2150 Ashen the Sneak (level 9, -4/65 HPs)
             Began as a Gnoll Enchanter on Feb 3, 2024.
             Was a Follower of Uskayaw.
             Slain by a two-headed ogre
             ... wielding a +0 giant club
              (26 damage)
             ... on level 6 of the Dungeon.
             The game lasted 00:17:53 (8066 turns).

Ashen the Sneak (Gnoll Enchanter)                   Turns: 8066, Time: 00:17:56

Health: -4/65      AC:  3    Str:  8    XL:     9   Next: 31%
Magic:  6/19       EV: 15    Int: 15    God:    Uskayaw [*.....]
Gold:   253        SH:  0    Dex: 16    Spells: 8/21 levels left

rFire   . . .        n - +1 dagger (venom)
rCold   . . .        (no shield)
rNeg    . . .        b - +0 robe
rPois   .            (no helmet)
rElec   .            (no cloak)
rCorr   .            s - +0 pair of gloves
SInv    .            (no boots)
Will    .....        (no amulet)
Stlth   ++++         (no ring)
HPRegen 0.30/turn    (no ring)
MPRegen 0.16/turn

%: no passive effects
@: very slightly contaminated
A: fangs 1, strong nose, distributed training
a: Renounce Religion, Stomp


You were on level 6 of the Dungeon.
You worshipped Uskayaw.
Uskayaw was noncommittal.
You visited 1 branch of the dungeon, and saw 6 of its levels.

You collected 253 gold pieces.

Inventory:

Hand Weapons
 a - a +1 dagger
 n - a +1 dagger of venom (weapon)
Armour
 b - a +0 robe (worn)
 s - a +0 pair of gloves (worn)
Wands
 p - a wand of flame (18)
 t - a wand of mindburst (15)
 v - a wand of roots (22)
Scrolls
 d - a scroll of teleportation {unknown}
 h - a scroll of vulnerability {unknown}
 i - 3 scrolls of noise
 l - a scroll of fog {unknown}
 o - 2 scrolls of poison {unknown}
 q - 2 scrolls of amnesia
 r - a scroll of blinking {unknown}
 u - 2 scrolls of revelation {unknown}
Potions
 c - a potion of invisibility
 e - 3 potions of mutation
 f - 2 potions of enlightenment {unknown}
 g - 3 potions of heal wounds
 j - 4 potions of curing
 k - a potion of lignification
 m - a potion of ambrosia
 w - 2 potions of berserk rage


   Skills:
 + Level 4.2 Fighting
 + Level 5.0 Short Blades
 + Level 4.2 Long Blades
 + Level 4.2 Axes
 + Level 4.2 Maces & Flails
 + Level 4.2 Polearms
 + Level 4.2 Staves
 + Level 4.2 Ranged Weapons
 + Level 4.2 Throwing
 + Level 4.2 Armour
 + Level 6.3 Dodging
 + Level 7.4 Stealth
 + Level 4.2 Shields
 + Level 4.2 Unarmed Combat
 + Level 6.6 Spellcasting
 + Level 3.5 Conjurations
 + Level 6.5 Hexes
 + Level 3.5 Summonings
 + Level 3.5 Necromancy
 + Level 3.5 Translocations
 + Level 3.5 Fire Magic
 + Level 3.5 Ice Magic
 + Level 3.5 Air Magic
 + Level 3.5 Earth Magic
 + Level 3.5 Alchemy
 + Level 4.7 Invocations
 + Level 4.2 Evocations
 + Level 3.9 Shapeshifting


You had 8 spell levels left.
You knew the following spells:

 Your Spells              Type           Power      Damage    Failure   Level
a - Ensorcelled Hibernat  Hex/Ice        40%        N/A       2%          2
b - Confusing Touch       Hex            24%        N/A       2%          3
c - Tukima's Dance        Hex            24%        N/A       2%          3
d - Dazzling Flash        Conj/Hex       40%        N/A       5%          3
e - Blink                 Tloc           30%        N/A       4%          2

Your spell library contained the following spells:

 Spells                   Type           Power      Damage    Failure   Level
 Lesser Beckoning         Tloc           30%        N/A       4%          2
 Momentum Strike          Conj/Tloc      30%        3d8       4%          2


Dungeon Overview and Level Annotations

Branches:
Dungeon (6/15)             Temple (0/1) D:4

Altars:
Elyvilon
Uskayaw

Shops:
D:1 [   D:3 :


Innate Abilities, Weirdness & Mutations

You have very sharp teeth.
Your uncanny sense of smell can sniff out nearby items.
Your experience applies equally to all skills.


Message History

Confirm with . or Enter, or press ? or * to list all spells.
Casting: Dazzling Flash (dangerous; 5% risk of failure)
Press: ? - help, Dir - look around, f - activate The two-headed ogre barely misses you. x2
Casting: Dazzling Flash (dangerous; 5% risk of failure)
Confirm with . or Enter, or press ? or * to list all spells.
Casting: Dazzling Flash (dangerous; 5% risk of failure)
Press: ? - help, Dir - look around, f - activate The two-headed ogre hits you with a +0 giant club! x2
Casting: Dazzling Flash (dangerous; 5% risk of failure)
Confirm with . or Enter, or press ? or * to list all spells.
Casting: Dazzling Flash (dangerous; 5% risk of failure)
Press: ? - help, Dir - look around, f - activate You miscast Dazzling Flash.
You are very lightly contaminated with residual magic.
Nothing appears to happen.
Casting: Dazzling Flash (dangerous; 5% risk of failure)
Confirm with . or Enter, or press ? or * to list all spells.
Casting: Dazzling Flash (dangerous; 5% risk of failure)
Press: ? - help, Dir - look around, f - activate The two-headed ogre is dazzled.
The two-headed ogre closely misses you. x2
You hit the two-headed ogre.
The two-headed ogre is lightly wounded.
The two-headed ogre closely misses you.
The two-headed ogre hits you with a +0 giant club!!
You hit the two-headed ogre.
You bite the two-headed ogre, but do no damage.
The two-headed ogre is lightly wounded.
You hit the two-headed ogre.
The two-headed ogre is moderately wounded.
You hit the two-headed ogre but do no damage.
The two-headed ogre looks even sicker.
The two-headed ogre is moderately wounded.
You hit the two-headed ogre.
The two-headed ogre looks as sick as possible!
The two-headed ogre is moderately wounded.
The two-headed ogre is no longer blind.
The two-headed ogre hits you with a +0 giant club.
The two-headed ogre hits you with a +0 giant club!!
You die...

.. #. ###. #. ..... .###.
..... . P..g. ......
####.. #...
......###...... .#...
............# .....
......#.#..# . g....
......O@..#####.. .....
......#.#...............
......#.................
......#.##..............
..........#.###....##...
..#.#.......###.#..##...
.....#...................
#....................##..
....##.).................


You could see a two-headed ogre (extremely poisoned).

Vanquished Creatures
  Eustachio (D:5)
  A dancing weapon (D:5)
  A water moccasin (D:6)
  An orc warrior (D:5)
  A black bear (D:4)
  3 phantoms (D:5)
  A bullfrog (D:5)
  A wyvern zombie (D:6)
  3 scorpions
  A wyvern skeleton (D:6)
  A water moccasin zombie (D:6)
  A bullfrog zombie (D:6)
  A centaur zombie (D:6)
  2 bullfrog skeletons (D:6)
  5 hounds
  A centaur skeleton (D:6)
  3 orc priests (D:5)
  2 jellies
  2 sleepcaps
  Natasha (thrice) (D:4)
  5 iguanas
  5 orc wizards
  Robin (D:2)
  7 gnolls
  6 adders
  A white imp (D:5)
  3 dart slugs
  A ribbon worm (D:4)
  18 orcs
  7 ball pythons
  8 endoplasms
  A giant cockroach (D:3)
  15 goblins
  9 hobgoblins
  8 jackals
  3 quokkas (D:2)
  3 bats
  3 frilled lizards
  6 kobolds
  5 rats
150 creatures vanquished.

Notes
Turn   | Place    | Note
-------+----------+-------------------------------------------
     0 | D:1      | Ashen the Gnoll Enchanter began the quest for the Orb.
     0 | D:1      | Reached XP level 1. HP: 13/13 MP: 6/6
    44 | D:1      | Reached XP level 2. HP: 19/19 MP: 7/7
   283 | D:1      | Learned a level 2 spell: Ensorcelled Hibernation
   361 | D:1      | Found Faefonaq's Antique Armour Shop.
   460 | D:1      | Reached skill level 5 in Spellcasting
   460 | D:1      | Reached XP level 3. HP: 12/25 MP: 5/9
   466 | D:1      | Learned a level 3 spell: Confusing Touch
   470 | D:1      | Learned a level 3 spell: Tukima's Dance
   474 | D:1      | Learned a level 3 spell: Dazzling Flash
   530 | D:1      | Reached skill level 6 in Stealth
   771 | D:2      | Reached skill level 1 in Invocations
   899 | D:2      | Reached skill level 1 in Fighting
   899 | D:2      | Reached skill level 1 in Long Blades
   899 | D:2      | Reached skill level 1 in Axes
   899 | D:2      | Reached skill level 1 in Maces & Flails
   899 | D:2      | Reached skill level 1 in Polearms
   899 | D:2      | Reached skill level 1 in Staves
   899 | D:2      | Reached skill level 1 in Ranged Weapons
   899 | D:2      | Reached skill level 1 in Throwing
   899 | D:2      | Reached skill level 1 in Armour
   899 | D:2      | Reached skill level 1 in Shields
   899 | D:2      | Reached skill level 1 in Unarmed Combat
   899 | D:2      | Reached skill level 1 in Evocations
  1085 | D:2      | Reached skill level 1 in Shapeshifting
  1085 | D:2      | Reached XP level 4. HP: 32/32 MP: 11/11
  1556 | D:2      | Noticed Robin
  1589 | D:2      | Killed Robin
  1590 | D:2      | Reached skill level 1 in Conjurations
  1590 | D:2      | Reached skill level 1 in Summonings
  1590 | D:2      | Reached skill level 1 in Necromancy
  1590 | D:2      | Reached skill level 1 in Translocations
  1590 | D:2      | Reached skill level 1 in Fire Magic
  1590 | D:2      | Reached skill level 1 in Ice Magic
  1590 | D:2      | Reached skill level 1 in Air Magic
  1590 | D:2      | Reached skill level 1 in Earth Magic
  1590 | D:2      | Reached skill level 1 in Alchemy
  1943 | D:3      | Found a hide-covered altar of Uskayaw.
  1965 | D:3      | Became a worshipper of Uskayaw the Reveller
  1982 | D:3      | Reached XP level 5. HP: 32/37 MP: 9/12
  2031 | D:3      | Reached * piety under Uskayaw
  2115 | D:3      | Found Beidgh's Book Emporium.
  2159 | D:3      | Learned a level 2 spell: Blink
  2758 | D:4      | Reached ** piety under Uskayaw
  3071 | D:4      | Found a white marble altar of Elyvilon.
  3138 | D:4      | Noticed a black bear
  3144 | D:4      | Killed a black bear
  3145 | D:4      | Reached skill level 5 in Dodging
  3145 | D:4      | Reached XP level 6. HP: 44/44 MP: 14/14
  3185 | D:4      | Noticed Natasha
  3191 | D:4      | Killed Natasha
  3246 | D:4      | Found a staircase to the Ecumenical Temple.
  3491 | D:4      | Reached XP level 7. HP: 48/50 MP: 12/15
  3552 | D:4      | Noticed Natasha
  3561 | D:4      | Killed Natasha
  3712 | D:4      | Noticed Natasha
  3720 | D:4      | Killed Natasha
  3820 | D:4      | Found a staircase to the Ecumenical Temple.
  3945 | D:4      | Found a white marble altar of Elyvilon.
  4353 | D:4      | Found a staircase to the Ecumenical Temple.
  4478 | D:4      | Found a white marble altar of Elyvilon.
  4920 | D:5      | Entered Level 5 of the Dungeon
  5113 | D:5      | Noticed Eustachio
  6271 | D:5      | Killed Eustachio
  6272 | D:5      | Reached XP level 8. HP: 41/58 MP: 9/17
  6795 | D:5      | Reached *** piety under Uskayaw
  6796 | D:5      | Reached skill level 7 in Stealth
  7166 | D:5      | Reached XP level 9. HP: 29/65 MP: 1/18
  7713 | D:6      | Reached skill level 5 in Short Blades
  8043 | D:6      | Noticed a two-headed ogre
  8066 | D:6      | Slain by a two-headed ogre

Illustrated notes

Levels and vault maps discovered:
D:1:      heliophobic_arrival_ceremonial_halls, layout_basic, serial_shops,
          nicolae_shop_behind_doors, minmay_tromino_v2
D:2:      layout_loops_corners, uniq_robin
D:3:      layout_loops_ring, nicolae_uskayaw_murder_on_the_dancefloor,
          serial_shops, shop
D:4:      layout_loops_ring, elyvilon_altar_1, minmay_temple_entry_tees,
          uniq_natasha
D:5:      layout_loops_corners, serial_co_window_serial, co_window_corner_a,
          co_window_corner_a, co_window_corner_a, co_window_paths_b,
          co_window_corner_a, co_window_paths_a, co_window_of_opportunity_b,
          co_window_corner_cb, co_window_of_opportunity_b, co_window_paths_c,
          co_window_paths_e, glass_columns_c, uniq_eustachio
D:6:      layout_rooms, serial_undead, serial_undead_a, serial_undead_e,
          serial_undead_a, serial_undead_b, serial_undead_a, serial_undead_b,
          serial_undead_a, serial_undead_c, nicolae_the_louvre

Skill      XL: |  1  2  3  4  5  6  7  8  9 |
---------------+----------------------------+-----
Spellcasting   | 5 6 |  6.6
Stealth        | 6 7 |  7.4
Invocations    | 1 2 3 4 |  4.7
Fighting       | 1 2 3 4 |  4.2
Long Blades    | 1 2 3 4 |  4.2
Axes           | 1 2 3 4 |  4.2
Maces & Flails | 1 2 3 4 |  4.2
Polearms       | 1 2 3 4 |  4.2
Staves         | 1 2 3 4 |  4.2
Ranged Weapons | 1 2 3 4 |  4.2
Throwing       | 1 2 3 4 |  4.2
Armour         | 1 2 3 4 |  4.2
Shields        | 1 2 3 4 |  4.2
Unarmed Combat | 1 2 3 4 |  4.2
Evocations     | 1 2 3 4 |  4.2
Shapeshifting  | 1 2 3 |  3.9
Conjurations   | 1 2 3 |  3.5
Summonings     | 1 2 3 |  3.5
Necromancy     | 1 2 3 |  3.5
Translocations | 1 2 3 |  3.5
Fire Magic     | 1 2 3 |  3.5
Ice Magic      | 1 2 3 |  3.5
Air Magic      | 1 2 3 |  3.5
Earth Magic    | 1 2 3 |  3.5
Alchemy        | 1 2 3 |  3.5
Short Blades   | 3 4 5 |  5.0
Dodging        | 5 6 |  6.3
Hexes          | 6 |  6.5

Action                     |  1- 3 |  4- 6 |  7- 9 || total
---------------------------+-------+-------+-------++-------
  Melee: Dagger            |    85 |   114 |   288 ||   487
         Bite              |     7 |     8 |    49 ||    64
         Punch             |     1 |       |    10 ||    11
   Cast: Ensorcelled Hiber |     6 |    36 |    37 ||    79
         Confusing Touch   |       |       |    26 ||    26
         Tukima's Dance    |       |       |     5 ||     5
         Dazzling Flash    |       |       |     7 ||     7
         Blink             |       |       |     2 ||     2
    Use: Potion            |       |     1 |       ||     1
         Scroll            |       |       |     8 ||     8
   Stab: Sleeping          |    21 |    36 |    22 ||    79
         Invisible         |       |     4 |     1 ||     5
         Confused          |       |       |    22 ||    22
         Distracted        |       |       |     2 ||     2
 Armour: Robe              |    28 |    62 |   142 ||   232
  Dodge: Dodged            |    43 |    55 |   232 ||   330
